 Dungeon Crawl Stone Soup version 0.19.5 (webtiles) character file.

10199 JeffiDaFish the Arsonist (level 11, -1/88 HPs)
             Began as a Mottled Draconian Fire Elementalist on May 3, 2017.
             Was a Priest of Sif Muna.
             Slain by an earth elemental (29 damage)
             ... summoned by a deep elf mage
             ... on level 11 of the Dungeon.
             The game lasted 00:43:58 (11099 turns).

JeffiDaFish the Arsonist (DrFE)                    Turns: 11099, Time: 00:43:59

Health: -1/88      AC: 11    Str: 10    XL:     11   Next: 33%
Magic:  7/31       EV: 15    Int: 16    God:    Sif Muna [***...]
Gold:   507        SH:  0    Dex: 15    Spells: 7 memorised, 1 level left

rFire  . . .     SeeInvis .     m - +1 scythe
rCold  . . .     Gourm    .     (armour unavailable)
rNeg   . . .     Faith    .     (shield currently unavailable)
rPois  .         Spirit   .     t - +2 hat
rElec  .         Reflect  .     d - +0 cloak
rCorr  +         Harm     .     g - +0 pair of gloves
MR     .....     Rnd*Rage +     (no boots)
Stlth  ++........               s - amulet of regeneration
                                y - ring of resist corrosion
                                e - ring of magical power

@: flying
A: breathe sticky flame splash, unfitting armour, big wings, stinger 1, berserk
1, cold-blooded, AC +7
a: Breathe Sticky Flame, Stop Flying, Divine Energy, Channel Magic, Renounce
Religion


You were on level 11 of the Dungeon.
You worshipped Sif Muna.
Sif Muna was most pleased with you.
You were not hungry.

You visited 2 branches of the dungeon, and saw 12 of its levels.

You collected 507 gold pieces.

Inventory:

Hand Weapons
 m - a +1 scythe (weapon)
Armour
 d - a +0 cloak (worn)
 g - a +0 pair of gloves (worn)
 t - a +2 hat (worn)
Jewellery
 e - a ring of magical power (left hand)
 s - an amulet of regeneration (around neck)
 y - a ring of resist corrosion (right hand)
Wands
 v - a wand of teleportation (6/9)
Scrolls
 h - 2 scrolls of recharging
 j - 3 scrolls of amnesia
 k - 3 scrolls of fog
 n - 2 scrolls of magic mapping
 q - 5 scrolls of remove curse
 u - 2 scrolls of identify
Potions
 i - a potion of ambrosia
 r - a potion of heal wounds
 w - a potion of curing
 z - 3 potions of brilliance
 D - a potion of magic {unknown}
Books
 a - a book of Flames

   Spells                             Type                      Level
   a - Flame Tongue                   Conjuration/Fire             1
   b - Throw Flame                    Conjuration/Fire             2
   c - Conjure Flame                  Conjuration/Fire             3
   d - Inner Flame                    Hexes/Fire                   3
   e - Sticky Flame                   Conjuration/Fire             4
   f - Fireball                       Conjuration/Fire             5
 C - a book of Battle

   Spells                             Type                      Level
   a - Infusion                       Charms                       1
   b - Shroud of Golubria             Charms/Translocation         2
   c - Song of Slaying                Charms                       2
   d - Spectral Weapon                Hexes/Charms                 3
   e - Regeneration                   Charms/Necromancy            3
Comestibles
 b - 5 bread rations
 c - 2 beef jerkies
 f - 5 meat rations
 o - 2 slices of pizza
 x - a fruit


   Skills:
 + Level 5.6 Fighting
 + Level 4.9 Polearms
 + Level 5.7 Dodging
 - Level 2.1 Stealth
 - Level 0.4 Unarmed Combat
 * Level 7.8 Spellcasting
 * Level 8.1 Conjurations
 + Level 4.4 Hexes
 + Level 1.0 Charms
 + Level 0.6 Necromancy
 * Level 9.7 Fire Magic


You had one spell level left.
You knew the following spells:

 Your Spells              Type           Power        Failure   Level  Hunger
a - Flame Tongue          Conj/Fire      ####.        1%          1    None
b - Throw Flame           Conj/Fire      ####..       1%          2    None
c - Sticky Flame          Conj/Fire      ####....     3%          4    ####...
d - Confuse               Hex            ###.....     8%          3    ##.....
e - Fireball              Conj/Fire      ####......   12%         5    #####..
f - Invisibility          Hex            ###.....     100%        6    #######
g - Regeneration          Chrm/Necr      #.........   28%         3    ##.....


Dungeon Overview and Level Annotations

Branches:
Dungeon (11/15)            Temple (1/1) D:7            Lair (0/6) D:10
    Orc: D:9-12

Altars:
Cheibriados
Dithmenos
Elyvilon
Fedhas
Gozag
Hepliaklqana
Kikubaaqudgha
Makhleb
Nemelex Xobeh
Okawaru
Qazlal
Ru
Sif Muna
Trog
Uskayaw
Vehumet
Xom
Yredelemnul
Zin


Innate Abilities, Weirdness & Mutations

You can spit globs of burning liquid.
You can ignite nearby creatures when you spit burning liquid.
Your weird mottled scales are hard. (AC +7)
You cannot fit into any form of body armour.
You are cold-blooded and may be slowed by cold attacks.
Your large and strong wings let you fly indefinitely.
Your tail ends in a poisonous barb.
You tend to lose your temper in combat.


Message History

The deep elf mage mumbles some strange words.
Casting: Sticky Flame
Confirm with . or Enter, or press ? or * to list all spells.
Aiming: Flame Tongue
Press: ? - help, Shift-Dir - straight line, f/p - deep elf mage
Aim: a deep elf mage, wielding a long sword (lightly wounded, covered in liquid flames)
You miscast Flame Tongue.
Sif Muna protects you from the effects of your miscast!
The deep elf mage burns!
The deep elf mage hits you but does no damage.
Casting: Flame Tongue
Confirm with . or Enter, or press ? or * to list all spells.
Aiming: Flame Tongue
Press: ? - help, Shift-Dir - straight line, f/p - deep elf mage
Aim: a deep elf mage, wielding a long sword (moderately wounded, covered in liquid flames)
The flame tongue hits the deep elf mage.
The deep elf mage is severely wounded.
The deep elf mage burns!
The earth elemental barely misses you. The earth elemental hits you!!
You die...

######.# #### #.# #....
#.# #..... #.# #....
#.# ...#
#.##.#.############...#
.............##...e...#
#.##....#....##e####..#
#.##............@# .#
..##....#...#.#EE# .ยง
.................... ..
..############...#.##
.# ..# ........ . ..#
###....#.# ..# #.......
## #........


You could see 2 earth elementals and a deep elf mage (burning).

Vanquished Creatures
  2 hill giants
  2 deep elf magi
  An ugly thing (D:10)
  3 trolls
  A merfolk (D:11)
  A hippogriff (D:11)
  A centaur simulacrum (D:11)
  A spriggan (D:11)
  Sigmund (D:4)
  A wraith (D:11)
  5 yaks
  2 hungry ghosts
  A steam dragon (D:10)
  Edmund (D:6)
  3 water moccasins
  4 sky beasts
  3 phantoms
  3 orc warriors
  4 ice beasts
  3 black bears
  An ogre (D:9)
  5 centaurs
  A crocodile (D:9)
  4 bullfrogs
  A wyvern zombie (D:10)
  3 scorpions
  14 killer bees
  4 wights (D:10)
  7 electric eels (D:10)
  5 crimson imps
  2 centaur zombies
  A bullfrog zombie (D:10)
  4 orc priests
  3 centaur skeletons
  A hound (D:8)
  6 orc wizards
  A bullfrog skeleton (D:9)
  9 worker ants
  A killer bee zombie (D:6)
  3 hound skeletons
  A howler monkey zombie (D:6)
  4 worker ant zombies
  7 gnolls
  11 adders
  3 river rats (D:10)
  A shadow imp (D:5)
  An ooze (D:5)
  An adder skeleton (D:6)
  4 dart slugs
  5 leopard geckos
  19 orcs
  2 ball pythons (D:1)
  6 giant cockroaches
  3 goblins
  6 hobgoblins
  9 jackals
  5 kobolds
  5 quokkas
  A ball python skeleton (D:6)
  10 bats
  4 frilled lizards
  A leopard gecko skeleton (D:6)
  A quokka skeleton (D:4)
  9 rats
  A fungus (D:10)
239 creatures vanquished.

Vanquished Creatures (others)
  Blork the orc (D:6)
  45 fungi (D:10)
  23 plants (D:10)
69 creatures vanquished.

Grand Total: 308 creatures vanquished

Notes
Turn   | Place    | Note
-------+----------+-------------------------------------------
     0 | D:1      | JeffiDaFish the Draconian Fire Elementalist began the quest for the Orb.
     0 | D:1      | Reached XP level 1. HP: 14/14 MP: 3/3
   289 | D:1      | Reached XP level 2. HP: 20/20 MP: 3/5
   540 | D:1      | Reached XP level 3. HP: 26/26 MP: 3/6
   551 | D:1      | Learned a level 2 spell: Throw Flame
   914 | D:2      | Found a faded altar of an unknown god.
  2045 | D:3      | Reached XP level 4. HP: 33/33 MP: 3/7
  2051 | D:3      | Learned a level 4 spell: Sticky Flame
  2592 | D:4      | Reached skill level 4 in Fire Magic
  2600 | D:4      | Reached XP level 5. HP: 29/39 MP: 1/9
  2964 | D:4      | Found a blossoming altar of Fedhas.
  2964 | D:4      | Found a hazy altar of Hepliaklqana.
  2964 | D:4      | Found a shadowy altar of Dithmenos.
  2964 | D:4      | Found a hide-covered altar of Uskayaw.
  2974 | D:4      | Reached skill level 1 in Polearms
  3016 | D:4      | Reached skill level 1 in Fighting
  3240 | D:4      | Noticed Sigmund
  3268 | D:4      | Killed Sigmund
  3268 | D:4      | Reached XP level 6. HP: 30/47 MP: 2/11
  3327 | D:4      | Learned a level 3 spell: Confuse
  3588 | D:5      | Entered Level 5 of the Dungeon
  3700 | D:5      | Noticed an ice beast
  3710 | D:5      | Killed an ice beast
  3710 | D:5      | Your scales start taking on a weird mottled colour.
  3710 | D:5      | Reached skill level 5 in Fire Magic
  3710 | D:5      | Reached XP level 7. HP: 53/53 MP: 5/12
  3777 | D:5      | Found a snail-covered altar of Cheibriados.
  3777 | D:5      | Found a white marble altar of Elyvilon.
  3881 | D:5      | Reached skill level 1 in Hexes
  4205 | D:5      | Identified the +3 hand axe of Afrueheamp {elec, rPois rF- Str+4 Int+2} (You found it on level 5 of the Dungeon)
  4995 | D:6      | Found a bloodstained altar of Trog.
  5356 | D:6      | Reached XP level 8. HP: 48/61 MP: 14/14
  5516 | D:6      | Learned a level 5 spell: Fireball
  5550 | D:6      | Noticed Edmund
  5574 | D:6      | Killed Edmund
  5574 | D:6      | Reached skill level 6 in Fire Magic
  5748 | D:6      | Noticed Blork the orc
  5762 | D:6      | Killed Blork the orc
  5927 | D:6      | You fall through a shaft for 2 floors!
  5995 | D:8      | Reached skill level 5 in Spellcasting
  6078 | D:7      | Gained mutation: Your tail ends in a poisonous barb. [potion of mutation]
  6078 | D:7      | Gained mutation: Your large and strong wings let you fly indefinitely. [potion of mutation]
  6078 | D:7      | Gained mutation: You tend to lose your temper in combat. [potion of mutation]
  6127 | D:7      | Reached skill level 5 in Conjurations
  6369 | D:7      | Found a staircase to the Ecumenical Temple.
  6427 | D:7      | Reached skill level 7 in Fire Magic
  6472 | Temple   | Entered the Ecumenical Temple
  6524 | Temple   | Became a worshipper of Sif Muna the Loreminder
  6707 | D:7      | Reached XP level 9. HP: 9/70 MP: 16/16
  7978 | D:9      | Reached * piety under Sif Muna
  8627 | D:9      | Reached skill level 8 in Fire Magic
  8627 | D:9      | Reached XP level 10. HP: 79/79 MP: 19/19
  8874 | D:10     | Entered Level 10 of the Dungeon
  8995 | D:10     | Found a staircase to the Lair.
  9155 | D:10     | Reached ** piety under Sif Muna
  9244 | D:10     | Noticed a hill giant
  9416 | D:10     | Reached skill level 5 in Dodging
  9483 | D:10     | Noticed a deep elf mage
  9544 | D:10     | Killed a deep elf mage
 10021 | D:10     | Noticed a green ugly thing
 10065 | D:10     | Killed a green ugly thing
 10065 | D:10     | Reached skill level 9 in Fire Magic
 10066 | D:10     | Reached skill level 5 in Fighting
 10157 | D:10     | Killed a hill giant
 10157 | D:10     | Reached *** piety under Sif Muna
 10486 | D:10     | Reached XP level 11. HP: 69/86 MP: 22/22
 10736 | D:11     | Noticed a deep elf mage
 10745 | D:11     | Killed a deep elf mage
 10800 | D:11     | Learned a level 6 spell: Invisibility
 10807 | D:11     | Learned a level 3 spell: Regeneration
 10921 | D:11     | Noticed a hill giant
 10933 | D:11     | Killed a hill giant
 10933 | D:11     | Reached skill level 1 in Charms
 11092 | D:11     | Noticed a deep elf mage
 11099 | D:11     | Slain by an earth elemental

Skill      XL: |  1  2  3  4  5  6  7  8  9 10 11 |
---------------+----------------------------------+-----
Dodging        | 2 3 4 5 |  5.7
Stealth        | 2 |  2.1
Conjurations   | 2 3 5 6 7 8 |  8.1
Fire Magic     | 4 5 7 8 9 |  9.7
Spellcasting   | 3 4 5 6 7 |  7.8
Polearms       | 1 2 3 4 |  4.9
Fighting       | 1 2 3 4 5 |  5.6
Hexes          | 1 2 3 4 |  4.4
Charms         | 1 |  1.0
Unarmed Combat | |  0.4
Necromancy     | |  0.6

Action                   |  1- 3 |  4- 6 |  7- 9 | 10-12 || total
-------------------------+-------+-------+-------+-------++-------
Melee: Unarmed           |    12 |       |       |       ||    12
       Tailslap          |     4 |     7 |    38 |    12 ||    61
       Dagger            |    13 |       |       |       ||    13
       Spear             |    62 |    31 |       |       ||    93
       Trident           |       |    31 |       |       ||    31
       Scythe            |       |    17 |   365 |   159 ||   541
 Cast: Flame Tongue      |    37 |    24 |    28 |    95 ||   184
       Throw Flame       |     3 |     7 |    11 |    17 ||    38
       Sticky Flame      |       |       |    40 |    44 ||    84
       Confuse           |       |       |     9 |     2 ||    11
       Fireball          |       |       |     1 |     8 ||     9
       Regeneration      |       |       |       |     1 ||     1
 Abil: Breathe Sticky Fl |       |       |     2 |     4 ||     6
       Fly               |       |       |     1 |       ||     1
  Use: Potion            |     5 |     2 |     7 |     1 ||    15
       Scroll            |     8 |     2 |     7 |     2 ||    19
 Stab: Sleeping          |     4 |     1 |     9 |     1 ||    15
       Distracted        |       |       |       |     1 ||     1
  Eat: Chunk             |     4 |     6 |    27 |    18 ||    55
       Fruit             |       |       |     1 |       ||     1
       Meat ration       |       |       |       |     2 ||     2
Armor: Skin              |    36 |    26 |   182 |   112 ||   356
Dodge: Dodged            |    65 |    57 |   392 |   244 ||   758
